 Dungeon Crawl Stone Soup version 0.28-a0-1356-g2ad6d04315 (webtiles) character file.

Game seed: 4365067392595607602

9557 browni3141 the Cleaver (level 11, -3/85 HPs)
             Began as a Palentonga Berserker on Dec 30, 2021.
             Was a Priest of Trog.
             Slain by a boulder beetle (8 damage)
             ... on level 11 of the Dungeon.
             The game lasted 00:12:38 (9014 turns).

browni3141 the Cleaver (Palentonga Berserker)       Turns: 9014, Time: 00:12:38

Health: -3/85      AC: 19    Str: 20    XL:     11   Next: 24%
Magic:  11/11      EV: 10    Int:  9    God:    Trog [***...]
Gold:   556        SH:  5    Dex: 13    Spells: 10/10 levels left

rFire   + . .      SeeInvis +   a - +0 hand axe (elec)
rCold   x . .      Faith    .   d - +0 buckler
rNeg    . . .      Spirit   .   m - +3 leather armour {rPois}
rPois   +          Reflect  .   (no helmet)
rElec   .          Harm     .   n - +2 cloak
rCorr   .          Rampage  .   M - +0 pair of gloves
Will    .....                   (no barding)
Stlth   +.........              (no amulet)
HPRegen 0.24/turn               j - ring of fire
MPRegen 0.12/turn               (no ring)

@: on berserk cooldown, slowed, studying Staves, curled up, very slow
A: large, rugged brown scales 3, see invisible, deformed body, roll 1, armoured
tail, reflexive curl
a: Rolling Charge, Renounce Religion, Berserk, Trog's Hand


You were on level 11 of the Dungeon.
You worshipped Trog.
Trog was most pleased with you.
You visited 1 branch of the dungeon, and saw 11 of its levels.

You collected 556 gold pieces.

Inventory:

Hand Weapons
 a - a +0 hand axe of electrocution (weapon)
 v - a +0 broad axe
Missiles
 e - 37 poisoned darts
 I - 2 throwing nets
Armour
 b - a +0 animal skin
 d - a +0 buckler (worn)
 m - a +3 leather armour of poison resistance (worn)
 n - a +2 cloak (worn)
 A - an orb of guile
 M - a +0 pair of gloves (worn)
Jewellery
 j - a ring of fire (left hand)
 x - an amulet of magic regeneration
 D - a ring of poison resistance
Wands
 k - a wand of flame (64)
 y - a wand of acid (10)
 F - a wand of paralysis (8)
 G - a wand of polymorph (14)
Scrolls
 c - a scroll of summoning {unknown}
 f - 6 scrolls of identify {unknown}
 h - 3 scrolls of enchant armour {unknown}
 o - 2 scrolls of amnesia {unknown}
 p - 2 scrolls of fear {unknown}
 q - a scroll of torment {unknown}
 r - 6 scrolls of teleportation {unknown}
 t - a scroll of brand weapon {unknown}
 B - 2 scrolls of fog {unknown}
 H - 2 scrolls of blinking {unknown}
 L - a scroll of noise {unknown}
Potions
 g - 3 potions of ambrosia {unknown}
 i - 2 potions of degeneration {unknown}
 l - 5 potions of curing {unknown}
 s - 2 potions of cancellation {unknown}
 u - 2 potions of flight {unknown}
 w - a potion of attraction {unknown}
 z - a potion of heal wounds
 C - 3 potions of magic {unknown}
 E - 4 potions of haste {unknown}
 J - 2 potions of mutation {unknown}
 K - a potion of might {unknown}


   Skills:
 + Level 5.6 Fighting
 * Level 13.7 Axes
 + Level 4.2 Armour
 + Level 4.1 Dodging
 + Level 3.5 Shields
 - Level 6.0 Evocations


You had 10 spell levels left.
You didn't know any spells.
Your spell library was empty.

Dungeon Overview and Level Annotations

Branches:
Dungeon (11/15)            Temple (0/1) D:4
   Lair: D:8-11         Orc: D:9-12

Altars:
Trog

Shops:
D:1 ??=[*   D:4 (   D:5 *


Innate Abilities, Weirdness & Mutations

You are completely covered in rugged brown scales. (AC +3, +7% HP)
You have supernaturally acute eyesight. (SInv)
Armour fits poorly on your strangely shaped body.
You can roll at nearby foes to attack.
You have a long armoured tail.
You curl defensively after being hit. (AC +7*)


Message History

You feel a strong urge to attack something.
You are no longer berserk.
You are exhausted.
You feel yourself slow down.
A boulder beetle comes into view.
The boulder beetle leaps!
The boulder beetle moves out of view.
You start resting.
A boulder beetle is nearby!
You start resting.
The boulder beetle closely misses you.
You hit the boulder beetle but do no damage.
The boulder beetle completely misses you.
You slash the boulder beetle!
The boulder beetle is lightly wounded.
The boulder beetle bites you but does no damage.
You barely miss the boulder beetle.
The boulder beetle is lightly wounded.
The boulder beetle bites you!!
You hit the boulder beetle but do no damage.
The boulder beetle is lightly wounded.
The boulder beetle bites you!
You hit the boulder beetle but do no damage.
Lightning courses through the boulder beetle!
You tail-slap the boulder beetle, but do no damage.
The boulder beetle is moderately wounded.
The boulder beetle barely misses you.
Okay, then.
Okay, then.
You fail to use your ability.
The boulder beetle bites you but does no damage.
You fail to use your ability.
The boulder beetle bites you but does no damage.
The boulder beetle bites you!!
You fail to use your ability.
The boulder beetle closely misses you.
Your ogre goes berserk!
You can no longer call in reinforcements.
The boulder beetle bites you!!
* * * LOW HITPOINT WARNING * * *
The boulder beetle bites you!
You die...

...............#
...............## #
#..............###
#...##....###..... ### ###
#.###.##### #...## ##.#
#.###.....###. ##.### ###
###..###..#..O....#..##..# ...
#.....#....B..........#.###
##.###.........#@....#........#
#...##.........##...##........#
.....#.........#.....#........#
#
..........#...............#<..#
#
......#..###..#.......#..###.##
#
.....###.....###.....###.....##
# .###..#....B..
.###..#.......###
..#)........... ..
...........## .†.....#.....#..
. ..#.....####


You could see a boulder beetle (ally target) and a friendly ogre (summoned,
berserk).

Vanquished Creatures
  A two-headed ogre (D:9)
  A cyclops (D:11)
  An ugly thing (D:10)
  Grinder (D:5)
  A shadow (D:9)
  2 wyverns
  Eustachio (D:5)
  26 yaks
  A steam dragon (D:7)
  An orc warrior (D:8)
  A black bear (D:7)
  A necrophage (D:4)
  5 centaurs
  2 phantoms
  A kobold brigand (D:8)
  3 bullfrogs
  A gnoll sergeant (D:5)
  2 scorpions
  2 water moccasin skeletons
  17 killer bees
  4 howler monkeys
  2 bullfrog zombies (D:5)
  2 centaur zombies
  A hound (D:5)
  A centaur skeleton (D:5)
  5 gnoll shamans
  10 orc priests
  A jelly (D:5)
  Ijyb (D:3)
  4 iguanas
  6 orc wizards
  8 adders
  24 gnolls
  A worm (D:1)
  2 dart slugs
  36 orcs
  11 endoplasms
  3 giant cockroaches
  7 hobgoblins
  2 quokkas
  8 ball pythons
  10 bats
  4 frilled lizards
  10 goblins
  5 kobolds
  A rat (D:1)
240 creatures vanquished.

Vanquished Creatures (others)
  A wizard (D:3)
1 creature vanquished.

Grand Total: 241 creatures vanquished

Notes
Turn   | Place    | Note
-------+----------+-------------------------------------------
     0 | D:1      | browni3141 the Palentonga Berserker began the quest for the
                  | Orb.
     0 | D:1      | Reached XP level 1. HP: 19/19 MP: 1/1
    23 | D:1      | You fall into a shaft and drop 1 floor!
   242 | D:2      | Reached XP level 2. HP: 25/25 MP: 2/2
   417 | D:1      | Reached skill level 4 in Axes
   427 | D:1      | Found Yfrosk's Magic Scroll Shoppe.
   443 | D:1      | Reached XP level 3. HP: 22/31 MP: 3/3
   570 | D:1      | Found Nooviheh's Jewellery Emporium.
   575 | D:1      | Found a faded altar of an unknown god.
   635 | D:1      | Found Qoamegeune's Antique Armour Shop.
   782 | D:1      | Found Biutodu's Magic Scroll Emporium.
  1004 | D:1      | Found Ahari's General Store.
  1252 | D:2      | Reached skill level 5 in Axes
  1252 | D:2      | Reached XP level 4. HP: 37/37 MP: 4/4
  1381 | D:2      | Reached ** piety under Trog
  1697 | D:3      | Noticed a scorpion
  1703 | D:3      | Killed a scorpion
  1704 | D:3      | Reached skill level 6 in Axes
  1704 | D:3      | Reached XP level 5. HP: 41/43 MP: 5/5
  1772 | D:3      | Noticed Ijyb
  1773 | D:3      | Killed Ijyb
  2179 | D:3      | Found a bloodstained altar of Trog.
  2180 | D:3      | Noticed a wizard
  2186 | D:3      | Killed a wizard
  2482 | D:4      | Found a staircase to the Ecumenical Temple.
  2490 | D:4      | Noticed a phantom
  2548 | D:4      | Reached XP level 6. HP: 50/50 MP: 6/6
  2555 | D:4      | Reached skill level 7 in Axes
  2781 | D:4      | Reached skill level 8 in Axes
  2784 | D:4      | Gained mutation: You curl defensively after being hit. (AC
                  | +7*) [Palentonga growth]
  2784 | D:4      | Reached XP level 7. HP: 55/55 MP: 7/7
  3171 | D:4      | Found Fifimp's Antique Weapon Shop.
  3255 | D:5      | Entered Level 5 of the Dungeon
  3272 | D:5      | Noticed Grinder
  3275 | D:5      | Reached skill level 9 in Axes
  3278 | D:5      | Killed Grinder
  3278 | D:5      | Reached *** piety under Trog
  3385 | D:5      | Reached XP level 8. HP: 62/62 MP: 8/8
  3491 | D:5      | Reached skill level 10 in Axes
  3662 | D:5      | Found Ywnan's Mayhem Merchandise.
  3984 | D:5      | Noticed Eustachio
  3990 | D:5      | Killed Eustachio
  3991 | D:5      | Reached skill level 11 in Axes
  4961 | D:7      | Reached skill level 12 in Axes
  5029 | D:7      | Reached XP level 9. HP: 67/67 MP: 9/9
  5392 | D:7      | Reached skill level 1 in Evocations
  5630 | D:8      | Reached skill level 1 in Shields
  6123 | D:8      | Reached **** piety under Trog
  6682 | D:9      | Reached XP level 10. HP: 77/77 MP: 10/10
  7132 | D:9      | Reached skill level 13 in Axes
  7648 | D:9      | Noticed a two-headed ogre
  7656 | D:9      | Killed a two-headed ogre
  7657 | D:9      | Reached skill level 5 in Fighting
  7657 | D:9      | Reached skill level 5 in Evocations
  7995 | D:10     | Entered Level 10 of the Dungeon
  8094 | D:10     | Reached XP level 11. HP: 57/85 MP: 11/11
  8292 | D:10     | Noticed a white ugly thing
  8306 | D:10     | Killed a white ugly thing
  8995 | D:11     | Noticed a boulder beetle
  9014 | D:11     | Slain by a boulder beetle

Illustrated notes

Levels and vault maps discovered:
D:1:      saegor_arrival_miasma, layout_loops_ring, serial_shops,
          nicolae_shop_trees, nicolae_shop_competitors_out_of_business,
          shop_statue, shop, nicolae_shop_trees,
          dreamdust_ecumenical_altar_statues
D:2:      cheibrodos_pilgrimage, layout_rooms,
          nicolae_concentric_dashed_squares_wild
D:3:      layout_loops_cross, trog_wizard, uniq_ijyb
D:4:      layout_rooms, minmay_temple_entry_glass, serial_shops,
          kennysheep_mini_moat, kennysheep_generic_room_13
D:5:      layout_gridville, minmay_shop_mayhem, minmay_manual_monolith,
          uniq_eustachio, uniq_grinder
D:6:      layout_basic, minmay_misc_feat_columns
D:7:      layout_gridville
D:8:      layout_loops_ring
D:9:      layout_stronghold
D:10:     layout_basic
D:11:     nicolae_cairo_tiling_large_dashed, layout_cave_pods, serial_shops,
          shop

Skill      XL: |  1  2  3  4  5  6  7  8  9 10 11 |
---------------+----------------------------------+-----
Axes           | 4 5 6 8 9 12 13 | 13.7
Evocations     | 3 5 6 |  6.0
Armour         | 2 3 4 |  4.2
Dodging        | 2 3 4 |  4.1
Shields        | 2 3 |  3.5
Fighting       | 4 5 |  5.6

Action                   |  1- 3 |  4- 6 |  7- 9 | 10-12 || total
-------------------------+-------+-------+-------+-------++-------
Melee: Hand axe          |    84 |   119 |   263 |   178 ||   644
       Tailslap          |     8 |    15 |    40 |    28 ||    91
Invok: Berserk           |     3 |     4 |    11 |     9 ||    27
       Brothers in Arms  |       |       |       |     1 ||     1
 Abil: Rolling Charge    |    27 |    31 |    43 |    13 ||   114
 Stab: Sleeping          |       |     1 |       |       ||     1
Armor: Animal skin       |    27 |    14 |       |       ||    41
       Leather armour    |       |    33 |    78 |    41 ||   152
Dodge: Dodged            |    27 |    27 |    72 |    45 ||   171
Block: Buckler           |    11 |    12 |    29 |    30 ||    82

Table legend: (Time is in decaauts)
 A = Elapsed time spent in this place.
 B = Non-inter-level travel time spent in this place.
 C = Inter-level travel time spent in this place.
 D = Time resting spent in this place.
 E = Time spent auto-exploring this place.
 F = Levels seen in this place.
 G = Mean time per level.
                   A        B        C        D        E       F      G
               +--------+--------+--------+--------+--------+-----+--------+
         Total |   9164 |   8893 |    271 |   1274 |   6384 |  11 |  833.1 |
       Dungeon |   9164 |   8893 |    271 |   1274 |   6384 |  11 |  833.1 |
               +--------+--------+--------+--------+--------+-----+--------+

Top non-repeatable levels by time:
     D:9: 1348 daAuts
     D:5: 1034 daAuts
     D:8: 1033 daAuts
     D:3: 943 daAuts
     D:1: 851 daAuts
     D:7: 822 daAuts
     D:2: 807 daAuts
    D:10: 748 daAuts
     D:4: 740 daAuts
     D:6: 550 daAuts
    D:11: 283 daAuts
